 Dungeon Crawl Stone Soup version 0.23.0 (webtiles) character file.

Game seed: 6809012994097884394

2175 Laan the Cleaver (level 9, -2/71 HPs)
             Began as a Formicid Gladiator on Feb 11, 2019.
             Was a Believer of Okawaru.
             Killed from afar by a raiju (21 damage)
             ... with a living lightning
             ... on level 2 of the Abyss.
             The game lasted 00:13:41 (5514 turns).

Laan the Cleaver (Formicid Gladiator)               Turns: 5514, Time: 00:13:42

Health: -2/71      AC: 12    Str: 23    XL:     9   Next: 58%
Magic:  9/9        EV: 15    Int:  7    God:    Okawaru [**....]
Gold:   520        SH:  0    Dex: 22    Spells: 8/8 levels left

rFire    . . .     SeeInvis +   a - +0 battleaxe
rCold    . . .     Gourm    .   (no shield)
rNeg     . . .     Faith    .   p - +0 chain mail
rPois    .         Spirit   .   (helmet unavailable)
rElec    .         Reflect  .   (no cloak)
rCorr    .         Harm     .   (no gloves)
MR       +....                  (no boots)
Stlth    ..........             n - amulet of regeneration
HPRegen  0.61/turn              r - ring of flight
MPRegen  0.11/turn              m - +5 ring of dexterity

@: agile
A: permanent stasis, dig shafts and tunnels, four strong arms, antennae 3,
yellow scales 1, magic resistance 1
a: Dig, Shaft Self, Heroism, Renounce Religion, Evoke Flight


You were on level 2 of the Abyss.
You worshipped Okawaru.
Okawaru was pleased with you.
You were hungry.

You visited 2 branches of the dungeon, and saw 9 of its levels.
You visited the Abyss 1 time.

You collected 520 gold pieces.

Inventory:

Hand Weapons
 a - a +0 battleaxe (weapon)
 b - a +2 dire flail of holy wrath
Missiles
 c - 2 throwing nets (quivered)
Armour
 p - a +0 chain mail (worn)
Jewellery
 m - a +5 ring of dexterity (right hand)
 n - an amulet of regeneration (around neck)
 r - a ring of flight (left hand)
 y - an uncursed ring of ice {unknown}
Scrolls
 e - 3 scrolls of teleportation {unknown}
 g - 2 scrolls of remove curse
 h - a scroll of enchant armour {unknown}
 i - 2 scrolls of magic mapping {unknown}
 k - 2 scrolls of brand weapon {unknown}
 l - 12 scrolls of identify
 q - a scroll of enchant weapon {unknown}
 x - 3 scrolls of fear {unknown}
Potions
 f - a potion of mutation
 o - a potion of might {unknown}
 t - a potion of magic {unknown}
 u - a potion of degeneration {unknown}
 v - a potion of lignification {unknown}
 z - a potion of flight {unknown}
Comestibles
 d - 10 rations
 w - 6 chunks of flesh


   Skills:
 + Level 6.9 Fighting
 * Level 9.1 Axes
 - Level 2.0 Throwing
 + Level 6.4 Armour
 - Level 2.6 Dodging


You had 8 spell levels left.
You didn't know any spells.
Your spell library was empty.

Dungeon Overview and Level Annotations

Branches:
Dungeon (8/15)             Temple (1/1) D:6
   Lair: D:8-11

Altars:
Ashenzari
Cheibriados
Dithmenos
Elyvilon
Fedhas
Gozag
Hepliaklqana
Kikubaaqudgha
Makhleb
Nemelex Xobeh
Okawaru
Qazlal
Ru
Sif Muna
Trog
Uskayaw
Vehumet
Wu Jian
Xom
Yredelemnul
Zin
The Shining One

Annotations:
D:5 2 runed translucent doors, Banto's ghost, novice DsGl
D:8 Psyche


Innate Abilities, Weirdness & Mutations

You cannot be hasted, slowed, berserked, paralysed or teleported.
You can dig through walls and to a lower floor.
Your four strong arms can wield two-handed weapons with a shield.
You have a pair of large antennae on your head. (SInv)
You are partially covered in yellow scales. (AC +2)
You are resistant to hostile enchantments. (MR+)


Message History

You slash the raiju!
The raiju is moderately wounded.
You closely miss the raiju. The raiju closely misses you.
The raiju barely misses you. The raiju misses you. x2
It was a potion of heal wounds.
You feel much better.
The raiju bursts into living lightning!
The living lightning misses you.
The living lightning hits the raiju.
The raiju completely resists.
The raiju blinks!
The raiju bursts into living lightning!
The living lightning hits you.
The raiju blinks!
You feel much better.
The raiju bursts into living lightning!
The living lightning hits you! The living lightning hits you!!
* * * LOW HITPOINT WARNING * * *
The raiju blinks! x3
The raiju bursts into living lightning!
The living lightning hits you.
* * * LOW HITPOINT WARNING * * *
The living lightning hits you!!
You die...

.. .## .###..
.....# . #.#....
### ...
#......##.####.....
#. .......{h....
..##.#.#### ### .
#.....hh@.#
#..#.#####.# # .#
.. ..# .#. ....
##..


You could see 2 raiju.

Vanquished Creatures
  Sigmund (D:2)
  3 water moccasins
  An orc warrior (D:8)
  A sky beast (D:5)
  3 ogres
  A necrophage (D:5)
  A centaur (D:7)
  3 bullfrogs
  A scorpion (D:6)
  3 wights (D:7)
  2 crimson imps
  A quasit (D:7)
  A hound (D:8)
  2 orc wizards
  A centaur zombie (D:5)
  3 orc priests
  An iguana (D:6)
  A jelly (D:5)
  Jessica (D:3)
  A worker ant (D:4)
  Robin (D:3)
  10 adders
  6 gnolls
  A howler monkey skeleton (D:6)
  An adder skeleton (D:5)
  5 dart slugs
  2 worms
  5 leopard geckos
  18 orcs
  2 giant cockroaches
  14 goblins
  8 hobgoblins
  13 jackals
  6 kobolds
  2 quokkas (D:7)
  4 ball pythons
  2 bats
  8 frilled lizards
  A jackal skeleton (D:6)
  2 quokka skeletons (D:6)
  6 rats
149 creatures vanquished.

Notes
Turn   | Place    | Note
-------+----------+-------------------------------------------
     0 | D:1      | Laan the Formicid Gladiator began the quest for the Orb.
     0 | D:1      | Reached XP level 1. HP: 16/16 MP: 1/1
   202 | D:1      | Reached XP level 2. HP: 23/23 MP: 2/2
   370 | D:1      | Reached skill level 1 in Armour
   415 | D:1      | Reached XP level 3. HP: 24/28 MP: 3/3
  1038 | D:2      | Reached XP level 4. HP: 28/34 MP: 4/4
  1133 | D:2      | Noticed Sigmund
  1139 | D:2      | Gained mutation: You are partially covered in yellow
                  | scales. (AC +2) [potion of mutation]
  1139 | D:2      | Gained mutation: You are resistant to hostile enchantments.
                  | (MR+) [potion of mutation]
  1157 | D:2      | Killed Sigmund
  1157 | D:2      | Reached skill level 4 in Axes
  1157 | D:2      | Reached XP level 5. HP: 39/42 MP: 5/5
  1157 | D:2      | Reached XP level 6. HP: 45/48 MP: 6/6
  1344 | D:2      | Found a hazy altar of Hepliaklqana.
  1488 | D:2      | Reached skill level 5 in Axes
  1860 | D:3      | Noticed Jessica
  1867 | D:3      | Killed Jessica
  1874 | D:3      | Noticed Robin
  1952 | D:3      | Killed Robin
  1985 | D:3      | Found a snail-covered altar of Cheibriados.
  2407 | D:4      | Reached XP level 7. HP: 44/54 MP: 7/7
  2788 | D:4      | Found a bloodstained altar of Trog.
  2803 | D:4      | Found an iron altar of Okawaru.
  2810 | D:4      | Became a worshipper of Warmaster Okawaru
  2843 | D:5      | Entered Level 5 of the Dungeon
  2896 | D:5      | Reached skill level 6 in Axes
  3010 | D:5      | Noticed a water moccasin
  3013 | D:5      | Killed a water moccasin
  3013 | D:5      | Reached XP level 8. HP: 61/61 MP: 8/8
  3020 | D:5      | Reached skill level 5 in Fighting
  3032 | D:5      | Reached * piety under Okawaru
  3067 | D:5      | Reached skill level 7 in Axes
  3102 | D:5      | Found a large runed translucent door.
  3102 | D:5      | Found a large runed translucent door.
  3110 | D:5      | Noticed Banto's ghost (novice DsGl)
  3401 | D:6      | Reached skill level 5 in Armour
  3549 | D:6      | Found a staircase to the Ecumenical Temple.
  3565 | Temple   | Entered the Ecumenical Temple
  3998 | D:6      | Found a white marble altar of Elyvilon.
  4008 | D:6      | Reached skill level 8 in Axes
  4008 | D:6      | Reached XP level 9. HP: 41/69 MP: 9/9
  4478 | D:6      | Reached ** piety under Okawaru
  5423 | D:8      | Reached skill level 9 in Axes
  5490 | D:8      | Noticed Psyche
  5502 | D:8      | Cast into level 2 of the Abyss (Psyche)
  5505 | Abyss:2  | Noticed a raiju
  5505 | Abyss:2  | Noticed a raiju
  5506 | Abyss:2  | Noticed a raiju
  5508 | Abyss:2  | HP: 3/71 [raiju (9)]
  5514 | Abyss:2  | Killed from afar by a raiju

Skill      XL: |  1  2  3  4  5  6  7  8  9 |
---------------+----------------------------+-----
Armour         | 1 2 3 4 5 6 |  6.4
Fighting       | 3 4 6 |  6.9
Axes           | 4 5 6 8 9 |  9.1
Throwing       | |  2.0
Dodging        | |  2.6

Action                   |  1- 3 |  4- 6 |  7- 9 || total
-------------------------+-------+-------+-------++-------
Melee: War axe           |    83 |   166 |   210 ||   459
       Battleaxe         |       |       |    49 ||    49
Throw: Throwing net      |       |     1 |       ||     1
  Use: Potion            |       |     3 |     4 ||     7
       Scroll            |       |     2 |       ||     2
  Eat: Chunk             |       |     5 |    10 ||    15
Armor: Leather armour    |     8 |       |       ||     8
       Ring mail         |    15 |       |       ||    15
       Scale mail        |       |    26 |       ||    26
       Chain mail        |       |    53 |   132 ||   185
Dodge: Dodged            |    60 |    95 |   157 ||   312
